 Dungeon Crawl Stone Soup version 0.30-a0-373-gd37427bb62 (webtiles) character file.

Game seed: 8197811194199202071

582 vineage the Fighter (level 7, -1/83 HPs)
             Began as an Ogre Fighter on Nov 22, 2022.
             Slain by a hobgoblin
             ... wielding a +0 club
              (4 damage)
             ... on level 4 of the Dungeon on Nov 23, 2022.
             The game lasted 00:06:12 (4806 turns).

vineage the Fighter (Ogre Fighter)                  Turns: 4806, Time: 00:06:14

Health: -1/83      AC:  3    Str: 23    XL:     7   Next: 36%
Magic:  0/7        EV:  9    Int:  9    God:
Gold:   220        SH:  9    Dex: 14    Spells: 6/6 levels left

rFire   + . .      SeeInvis .    a - +0 flail
rCold   + . .      Faith    .    c - +1 kite shield
rNeg    . . .      Spirit   +    b - +0 robe
rPois   +          Reflect  .    (helmet restricted)
rElec   +          Harm     .    (no cloak)
rCorr   +          Rampage  .    (gloves unavailable)
Will    .....                    (boots unavailable)
Stlth   +.........               n - amulet of guardian spirit
HPRegen 0.33/turn                h - +6 ring of dexterity
MPRegen 0.10/turn                (no ring)

@: mighty, resistant
A: large, unfitting armour, tough skin 1
a: no special abilities


You were on level 4 of the Dungeon.
You visited 1 branch of the dungeon, and saw 4 of its levels.

You collected 220 gold pieces.

Inventory:

Hand Weapons
 a - a +0 flail (weapon)
Missiles
 f - a throwing net (quivered)
Armour
 b - a +0 robe (worn)
 c - a +1 kite shield (worn)
Jewellery
 h - a +6 ring of dexterity (left hand)
 n - an amulet of guardian spirit (around neck)
 o - a ring of fire
Wands
 r - a wand of digging (4)
Scrolls
 q - a scroll of brand weapon {unknown}
 t - a scroll of immolation {unknown}
Potions
 e - a potion of resistance
 g - a potion of flight {unknown}
 i - 2 potions of attraction {unknown}
 j - a potion of heal wounds {unknown}
 k - 2 potions of berserk rage {unknown}
 l - 3 potions of curing
 m - 2 potions of brilliance
 p - a potion of magic {unknown}
 s - a potion of degeneration {unknown}


   Skills:
 * Level 9.2 Fighting
 + Level 4.3 Maces & Flails
 - Level 2.6 Dodging
 - Level 3.0 Shields


You had 6 spell levels left.
You didn't know any spells.
Your spell library contained the following spells:

 Spells                   Type           Power      Damage    Failure   Level
 Static Discharge         Conj/Air       0%         2-2/arc   82%         2
 Vhi's Electric Charge    Tloc/Air       0%         N/A       96%         3
 Arcjolt                  Conj/Air       0%         1d10      100%        5
 Lightning Bolt           Conj/Air       0%         1d11      100%        5


Dungeon Overview and Level Annotations

Branches:
Dungeon (4/15)
 Temple: D:4-7

Altars:
Kikubaaqudgha

Shops:
D:1 =   D:4 =

Annotations:
D:4 Grinder


Innate Abilities, Weirdness & Mutations

You are too large for most types of armour.
You have tough skin. (AC +1)


Message History

You sock the goblin!
You kill the goblin!
Grinder blinks!
The hobgoblin barely misses you. You block the goblin's attack.
The hobgoblin closely misses you.
A goblin comes into view. It is wielding a +0 sling.
The goblin completely misses you. The goblin hits you with a +0 club.
You block the hobgoblin's attack. The hobgoblin barely misses you.
You closely miss the hobgoblin. The goblin misses you.
You block the goblin's attack. The hobgoblin barely misses you.
You block the hobgoblin's attack. You block the goblin's attack.
The goblin shouts!
You bludgeon the hobgoblin!!
You kill the hobgoblin!
The goblin hits you with a +0 club. You block the hobgoblin's attack.
The goblin shoots a sling bullet.
The sling bullet hits you. The goblin barely misses you.
You thump the goblin!
You kill the goblin!
The goblin completely misses you. The hobgoblin hits you with a +0 club.
* * * LOW HITPOINT WARNING * * *
The goblin shoots a sling bullet.
The sling bullet closely misses you. The goblin hits you but does no damage.
The hobgoblin hits you with a +0 club.
* * * LOW HITPOINT WARNING * * *
You closely miss the goblin. The goblin barely misses you.
The hobgoblin hits you with a +0 club.
* * * LOW HITPOINT WARNING * * *
The goblin unwields a +0 sling.
You block the goblin's attack.
You sock the goblin!
You kill the goblin!
The hobgoblin hits you with a +0 club.
* * * LOW HITPOINT WARNING * * *
You block the goblin's attack.
You miss the goblin. The hobgoblin hits you with a +0 club!
* * * LOW HITPOINT WARNING * * *
The goblin hits you but does no damage. Grinder gestures at you.
Pain shoots through your body!
* * * LOW HITPOINT WARNING * * *
The hobgoblin hits you with a +0 club.
You die...

#######################
.........#)).....#....#
.........')).....#....#
.........#########....#
#####..........#......
#..........'......
#######gg........#.[....
.......@)5#########....# #
.......)).'.... #....# #
..........#.... #..).# #
#########################''##
#####≈≈≈≈≈≈≈≈≈≈≈≈≈≈≈≈≈≈≈≈≈~~....~
≈≈≈≈≈≈≈≈~≈≈≈≈≈≈≈≈≈≈≈≈≈≈≈≈≈~.....)
≈~~~≈≈≈~≈~~~~~~~~~~~~~~≈~≈~.....~
~..~~~~~.~.~.~...~..~.~~~~~~....~
.................................


You could see Grinder, a hobgoblin and a goblin.

Vanquished Creatures
  A water moccasin (D:4)
  An ice beast (D:4)
  A phantom (D:4)
  Natasha (thrice) (D:4)
  3 iguanas (D:4)
  Robin (D:4)
  A gnoll (D:4)
  2 adders
  A dart slug (D:4)
  5 orcs
  4 bats
  10 endoplasms
  5 giant cockroaches
  34 goblins
  15 hobgoblins
  4 jackals (D:3)
  4 quokkas
  7 ball pythons
  5 kobolds
  6 rats
113 creatures vanquished.

Vanquished Creatures (others)
  4 plants (D:2)
4 creatures vanquished.

Grand Total: 117 creatures vanquished

Notes
Turn   | Place    | Note
-------+----------+-------------------------------------------
     0 | D:1      | vineage the Ogre Fighter began the quest for the Orb.
     0 | D:1      | Reached XP level 1. HP: 24/24 MP: 1/1
     8 | D:1      | Noticed a rime drake
     8 | D:1      | Noticed a hound
     9 | D:1      | Noticed a black bear
     9 | D:1      | Noticed a komodo dragon
   127 | D:1      | Found Ywaz's Jewellery Emporium.
   206 | D:1      | Reached XP level 2. HP: 25/33 MP: 2/2
   695 | D:1      | Reached skill level 5 in Fighting
   776 | D:1      | Upgraded the game from 0.30-a0-371-gad7725a93e to
                  | 0.30-a0-373-gd37427bb62
   813 | D:2      | Reached XP level 3. HP: 42/42 MP: 3/3
  2089 | D:3      | Found an ancient bone altar of Kikubaaqudgha.
  2163 | D:3      | Found a faded altar of an unknown god.
  2191 | D:3      | Reached XP level 4. HP: 47/52 MP: 4/4
  2539 | D:3      | Reached skill level 6 in Fighting
  3126 | D:4      | Noticed Natasha
  3134 | D:4      | Killed Natasha
  3135 | D:4      | Reached XP level 5. HP: 41/61 MP: 5/5
  3201 | D:4      | Noticed Natasha
  3215 | D:4      | Killed Natasha
  3407 | D:4      | Reached skill level 7 in Fighting
  3503 | D:4      | Noticed Natasha
  3509 | D:4      | Killed Natasha
  3588 | D:4      | Noticed a phantom
  3614 | D:4      | Killed a phantom
  3615 | D:4      | Reached XP level 6. HP: 42/72 MP: 6/6
  3740 | D:4      | Found Guatey's Jewellery Emporium.
  3811 | D:4      | Noticed a water moccasin
  3830 | D:4      | Killed a water moccasin
  3831 | D:4      | Reached skill level 8 in Fighting
  3983 | D:4      | Noticed Robin
  4005 | D:4      | Killed Robin
  4220 | D:4      | Reached XP level 7. HP: 81/81 MP: 7/7
  4353 | D:4      | Reached skill level 9 in Fighting
  4779 | D:4      | Noticed Grinder
  4780 | D:4      | Paralysed by Grinder for 2 turns
  4787 | D:4      | Paralysed by Grinder for 5 turns
  4794 | D:4      | Paralysed by Grinder for 3 turns
  4806 | D:4      | HP: 3/83 [Grinder/nerve-wracking pain (7)]
  4806 | D:4      | Slain by a hobgoblin

Illustrated notes

Levels and vault maps discovered:
D:1:      onia_arrival_zoo_common, layout_loops_ring, serial_shops,
          nicolae_lakefront_shop, minmay_misc_feat_diagonals
D:2:      layout_loops_corners, serial_bayou_crossing
D:3:      layout_loops_ring, mainiacjoe_overflow_24_doors,
          chequers_ecumenical_altar_simple, moated_statue,
          chequers_serial_rivers_micro_b, minmay_goblin_outpost
D:4:      minmay_goblin_kobold_castle, layout_basic, serial_shops, shop,
          uniq_natasha, uniq_robin, uniq_grinder

Skill      XL: |  1  2  3  4  5  6  7 |
---------------+----------------------+-----
Maces & Flails | 2 3 4 |  4.3
Fighting       | 5 6 7 8 9 |  9.2
Dodging        | |  2.6
Shields        | |  3.0

Action                   |  1- 3 |  4- 6 |  7- 9 || total
-------------------------+-------+-------+-------++-------
Melee: Flail             |   126 |   166 |    67 ||   359
  Use: Scroll            |     4 |     6 |     1 ||    11
       Potion            |       |       |     3 ||     3
Armor: Robe              |    53 |    34 |    20 ||   107
Dodge: Dodged            |    58 |    72 |    49 ||   179
Block: Kite shield       |    60 |   102 |    53 ||   215

Table legend: (Time is in decaauts)
 A = Elapsed time spent in this place.
 B = Non-inter-level travel time spent in this place.
 C = Inter-level travel time spent in this place.
 D = Time resting spent in this place.
 E = Time spent auto-exploring this place.
 F = Levels seen in this place.
 G = Mean time per level.
                   A        B        C        D        E       F      G
               +--------+--------+--------+--------+--------+-----+--------+
         Total |   4961 |   4886 |     75 |    716 |   3197 |   4 | 1240.2 |
       Dungeon |   4961 |   4886 |     75 |    716 |   3197 |   4 | 1240.2 |
               +--------+--------+--------+--------+--------+-----+--------+

Top non-repeatable levels by time:
     D:4: 2007 daAuts
     D:2: 1128 daAuts
     D:3: 1012 daAuts
     D:1: 812 daAuts
